 Dungeon Crawl Stone Soup version 0.15.1-3-g1b33baa (webtiles) character file.

489 CrazyArbalest the Covered (level 7, 0/47 HPs)
             Began as a Halfling Fighter on Oct 7, 2014.
             Slain by an ogre
             ... wielding a +0 giant club
              (10 damage)
             ... on Level 4 of the Dungeon.
             The game lasted 00:23:48 (6034 turns).

CrazyArbalest the Covered (Halfling Fighter)        Turns: 6034, Time: 00:23:48

HP   0/47        AC  7     Str 16      XL: 7   Next: 36%
MP   7/7         EV 10     Int  7      God:
Gold 187         SH  6     Dex 16      Spells:  0 memorised,  6 levels left

rFire  . . .     SeeInvis .     a - +0 cutlass
rCold  . . .     Clarity  .     b - +0 scale mail
rNeg   . . .     rCorr    +     c - +0 buckler
rPois  .         rRot     .     (no helmet)
rElec  .         Spirit   .     (no cloak)
SustAb .         Warding  .     (no gloves)
rMut   .         Stasis   .     (no boots)
Gourm  .                        m - amulet of resist corrosion
MR     .....                    (no ring)
                                (no ring)

@: not resistant to hostile enchantments, extremely unstealthy
A: mutation resistance 1
a: no special abilities


You were on level 4 of the Dungeon.
You were hungry.

You visited 1 branch of the dungeon, and saw 4 of its levels.
You also visited: Sewer.

You collected 187 gold pieces.

Inventory:

Hand weapons
 a - a +0 cutlass (weapon)
 o - a +0 short sword
Missiles
 f - 225 stones (quivered)
 w - 9 sling bullets
Armour
 b - a +0 scale mail (worn)
 c - a +0 buckler (worn)
Magical devices
 r - a wand of flame (4)
Comestibles
 d - 3 bread rations
 i - 2 meat rations
Scrolls
 j - a scroll of blinking {unknown}
 p - 5 scrolls of identify {unknown}
 q - 3 scrolls of teleportation {unknown}
 t - a scroll of fog {unknown}
 u - a scroll of noise {unknown}
 v - a scroll of remove curse {unknown}
Jewellery
 g - an uncursed amulet of rage
 m - an amulet of resist corrosion (around neck)
Potions
 e - 5 potions of might
 h - a potion of cancellation {unknown}
 k - a potion of magic {unknown}
 l - 2 potions of heal wounds {unknown}
 n - 13 potions of curing {unknown}
 s - a potion of agility {unknown}


   Skills:
 + Level 3.6 Fighting
 + Level 4.6 Short Blades
 + Level 5.2 Armour
 + Level 3.2 Dodging
 + Level 0.4 Stealth
 + Level 4.8 Shields
 + Level 0.4 Evocations


You had 6 spell levels left.
You didn't know any spells.

Dungeon Overview and Level Annotations

Branches:
Dungeon (4/15)
 Temple: D:4-7

Altars:
Cheibriados
Dithmenos
Elyvilon
The Shining One

Shops:
D:4 =

Annotations:
D:3 Dalarin's ghost, average SpWr


Innate Abilities, Weirdness & Mutations

You are small and have problems with some larger weapons.
You are somewhat resistant to further mutation.


Message History

The worm barely misses you.
You puncture the ogre!
The ogre is moderately wounded.
You hit the ogre.
The ogre is heavily wounded.
The ogre closely misses you.
You hit the ogre.
The ogre is severely wounded.
The ogre hits you with a giant club!!
Ouch! That really hurt!
* * * LOW HITPOINT WARNING * * *
You hit the ogre.
The ogre is severely wounded.
You block the ogre's attack.
You hit the ogre but do no damage.
The ogre is severely wounded.
You hit the ogre.
The ogre is almost dead.
The ogre hits you with a giant club!
You die...

### ##.# ## #..# #### #.# ##..#
######.@## ### ###. #...#
#...####O# #.# #.## ##...# #...#
#o### #.## #.#. #....####...#
#w..####..####... ##.....##...##
##.......##.o#....
.............###...###.#####....#
###.....>.....##...# #o## #......
###....o.........###..###......
##.o.#####......##..##o......


You could see a worm, an ogre and an orc.

Vanquished Creatures
  3 big kobolds (Sewer)
  A scorpion (D:4)
  A hound (D:4)
  Ijyb (D:2)
  Jessica (D:3)
  5 adders
  A worm (D:2)
  4 giant geckos
  5 oozes
  An orc (D:4)
  4 ball pythons
  15 bats
  4 giant cockroaches
  9 hobgoblins
  8 jackals
  2 quokkas
  7 giant newts
  6 goblins
  A goblin skeleton (D:4)
  26 kobolds
  14 rats
  A bush (D:1)
120 creatures vanquished.

Notes
Turn   | Place    | Note
--------------------------------------------------------------
     0 | D:1      | CrazyArbalest, the Halfling Fighter, began the quest for the Orb.
     0 | D:1      | Reached XP level 1. HP: 15/15 MP: 1/1
   121 | D:1      | Reached XP level 2. HP: 6/20 MP: 2/2
   766 | D:1      | Reached XP level 3. HP: 22/25 MP: 3/3
  1500 | D:2      | Reached skill level 1 in Dodging
  1566 | D:2      | Reached XP level 4. HP: 31/31 MP: 4/4
  1596 | D:2      | Noticed Ijyb
  1648 | D:2      | Killed Ijyb
  1648 | D:2      | Reached skill level 4 in Armour
  2119 | D:2      | Reached XP level 5. HP: 12/36 MP: 5/5
  2822 | D:3      | Noticed Dalarin's ghost (average SpWr)
  3179 | D:3      | Noticed Jessica
  3192 | D:3      | Killed Jessica
  4679 | D:4      | Found Mnisaisi's Jewellery Shop.
  4762 | D:4      | Found a white marble altar of Elyvilon.
  4767 | D:4      | Found a snail-covered altar of Cheibriados.
  4770 | D:4      | Found a shadowy altar of Dithmenos.
  4771 | D:4      | Found a glowing golden altar of the Shining One.
  4795 | D:4      | Reached XP level 6. HP: 11/42 MP: 6/6
  4940 | D:4      | Found a glowing drain.
  4954 | D:4      | Noticed an ogre
  5002 | D:4      | HP: 1/42 [rat (2)]
  5003 | Sewer    | Entered a sewer
  5679 | Sewer    | Reached skill level 5 in Armour
  5679 | Sewer    | Reached XP level 7. HP: 26/46 MP: 7/7
  6034 | D:4      | Slain by an ogre

Action                   |  1- 3 |  4- 6 |  7- 9 || total
-------------------------+-------+-------+-------++-------
Melee: Cutlass           |   142 |   404 |    52 ||   598
       Short sword       |   243 |       |       ||   243
Evoke: Wand              |       |     5 |       ||     5
  Use: Scroll            |     1 |       |       ||     1
  Eat: Chunk             |     3 |    13 |     1 ||    17
